 Dungeon Crawl Stone Soup version 0.20-a0-433-g9e36e56 (webtiles) character file.

7 Asddderdsw the Chiller (level 2, 0/13 HPs)
             Began as a Vine Stalker Ice Elementalist on Jan 4, 2017.
             Killed from afar by a dart slug (1 damage)
             ... with a slug dart
             ... on level 1 of the Dungeon.
             The game lasted 00:06:15 (263 turns).

Asddderdsw the Chiller (VSIE)                        Turns: 263, Time: 00:06:15

Health: 0/13       AC:  3    Str: 10    XL:     2   Next: 0%
Magic:  0/6        EV: 12    Int: 15    God:
Gold:   49         SH:  0    Dex: 14    Spells: 2/5 levels left

rFire  . . .     SeeInvis .     g - +1 dagger (flame)
rCold  . . .     Gourm    .     l - +0 leather armour
rNeg   . . .     Faith    .     (no shield)
rPois  .         Spirit   +     (no helmet)
rElec  .         Reflect  .     (no cloak)
rCorr  .         Harm     .     (no gloves)
MR     .....                    (no boots)
Stlth  ++........               (no amulet)
                                (no ring)
                                (no ring)

@: no status effects
A: fangs 2, magic shield, antimagic bite, no potion heal 3, rot immunity
a: no special abilities


You were on level 1 of the Dungeon.
You were not hungry.

You visited 1 branch of the dungeon, and saw 1 of its levels.

You collected 49 gold pieces.

Inventory:

Hand Weapons
 d - a +0 hand axe
 f - a +0 hand axe
 g - a +1 dagger of flaming (weapon)
 j - a +0 spear
Armour
 a - a +0 robe
 l - a +0 leather armour (worn)
 m - a +0 ring mail
Jewellery
 k - a cursed ring of teleportation {unknown}
Scrolls
 h - a scroll of identify {unknown}
 i - a scroll of fog {unknown}
Potions
 e - a potion of flight {unknown}
Books
 b - a book of Frost

   Spells                             Type                      Level
   a - Freeze                         Ice                          1
   b - Throw Frost                    Conjuration/Ice              2
   c - Ozocubu's Armour               Charms/Ice                   3
   d - Throw Icicle                   Conjuration/Ice              4
   e - Summon Ice Beast               Ice/Summoning                4
Comestibles
 c - a bread ration


   Skills:
 + Level 0.1 Fighting
 + Level 0.1 Axes
 + Level 1.7 Dodging
 + Level 2.5 Stealth
 + Level 2.3 Spellcasting
 + Level 1.0 Conjurations
 + Level 3.1 Ice Magic


You had 2 spell levels left.
You knew the following spells:

 Your Spells              Type           Power        Failure   Level  Hunger
a - Freeze                Ice            ##..         10%         1    #......
b - Throw Frost           Conj/Ice       #.....       21%         2    ###....


Dungeon Overview and Level Annotations

Branches:
Dungeon (1/15)

Altars:


Innate Abilities, Weirdness & Mutations

You have extremely sharp teeth.
When hurt, damage is shared between your health and your magic reserves.
Your bite disrupts and absorbs the magic of your enemies.
Potions cannot restore your health.
You are immune to rotting.


Message History

Keep equipping yourself?
* * * LOW HITPOINT WARNING * * *
You start putting on your armour.
You continue putting on your leather armour.
The dart slug barely misses you.
You continue putting on your leather armour. x2
The dart slug barely misses you.
You continue putting on your leather armour.
The dart slug misses you.
You finish putting on your +0 leather armour.
Casting: Freeze
Confirm with . or Enter, or press ? or * to list all spells.
You don't have enough magic to cast that spell.
You hit the dart slug but do no damage. You hit the dart slug but do no damage.
You bite the dart slug. You drain its power.
You feel invigorated.
The dart slug is moderately wounded.
The dart slug launches a dart at you. The slug dart hits you!
You die...

.##
##.....#.#####........ .#
........#..#...........
.#
.......##......##+###..
.###.......##...........
.
...........#............
.#.........#.............
.#.........#.............
##...##....##............
# ...... #.....w@........
# ......##.....#+#......
# .............#.#....##
# #....#..............# #
#.. #........#w...... . .
#............ ..
...r.........##..... .
...........# .....
...........# .....


You could see a dart slug.

Vanquished Creatures
  An ooze (D:1)
  A goblin (D:1)
  A kobold (D:1)
  A rat (D:1)
4 creatures vanquished.

Notes
Turn   | Place    | Note
-------+----------+-------------------------------------------
     0 | D:1      | Asddderdsw the Vine Stalker Ice Elementalist began the quest for the Orb.
     0 | D:1      | Reached XP level 1. HP: 9/9 MP: 4/4
   232 | D:1      | Reached XP level 2. HP: 10/13 MP: 6/6
   251 | D:1      | Learned a level 2 spell: Throw Frost
   263 | D:1      | Killed from afar by a dart slug

Vault maps used:
D:1:      dpeg_arrival_rhombus, minmay_misc_feat_room

Action                   || total
-------------------------++-------
Melee: Dagger            ||     6
       Bite              ||     4
       Hand axe          ||     3
 Cast: Freeze            ||     2
Armor: Robe              ||     1
Dodge: Dodged            ||    12
